BR (22 & UNDER)
LONG BEACH KO @ YELLOWKNIFE CLAWS
07/12/2028
 
TOP OF THE 1ST
Long Beach KO batting - Pitching for Yellowknife Claws : RHP Germán Pérez
Pitching: RHP Germán Pérez
Batting: SHB Albert Flores 0-0: SINGLE (Groundball, 34D)
Batting: RHB Harvey Mawhinney 0-0: Ball
1-0: Called Strike
1-1: Foul Ball, location: 2F
1-2: Ball
2-2: Foul Ball, location: 2F
2-2: Foul Ball, location: 2F
2-2: Ball
3-2: DOUBLE (Line Drive, 89D)
Albert Flores to third
Albert Flores scores
Batting: LHB José Guillén 0-0: Swinging Strike
0-1: Called Strike
0-2: Foul Ball, location: 2F
0-2: Fly out, F7 (Line Drive, 7)
Batting: RHB Júlio Rodríguez 0-0: Swinging Strike
0-1: SINGLE (Line Drive, 8LS)
Harvey Mawhinney to third
Batting: RHB Tim Torres 0-0: Called Strike
0-1: DOUBLE (Line Drive, 7LD)
Harvey Mawhinney scores
Júlio Rodríguez to third
Batting: SHB Troy Abreu 0-0: Ball
1-0: Called Strike
1-1: Ball
2-1: SINGLE (Line Drive, 4M)
Júlio Rodríguez scores
Tim Torres to third
Batting: LHB John Lynch 0-0: Ball
1-0: Ball
2-0: Ball
3-0: Called Strike
3-1: Foul Ball, location: 2F
3-2: Strikes out swinging
Troy Abreu is caught stealing 2nd base
Batter strikes out.
Top of the 1st over - 3 run(s), 5 hit(s), 0 error(s), 1 left on base; Long Beach 3 - Yellowknife 0
BOTTOM OF THE 1ST
Yellowknife Claws batting - Pitching for Long Beach KO : RHP Luis Reyes
Pitching: RHP Luis Reyes
Batting: RHB Preston Church 0-0: Ball
1-0: Ball
2-0: Fly out, F9 (Flyball, 89M)
Batting: RHB Diego Cabañas 0-0: Foul Ball, location: 2F
0-1: Ball
1-1: Ball
2-1: Ball
3-1: Fly out, F9 (Flyball, 89M)
Batting: RHB Sergio Ortíz 0-0: Ball
1-0: Ball
2-0: Ball
3-0: Called Strike
3-1: Base on Balls
Batting: SHB Armondo Goro 0-0: Ground out 3-1 (Groundball, 34S)
Bottom of the 1st over - 0 run(s), 0 hit(s), 0 error(s), 1 left on base; Long Beach 3 - Yellowknife 0
TOP OF THE 2ND
Long Beach KO batting - Pitching for Yellowknife Claws : RHP Germán Pérez
Batting: RHB Cal Cox 0-0: Ball
1-0: Ball
2-0: Foul Ball, location: 2F
2-1: Ball
3-1: Called Strike
3-2: Foul Ball, location: 2F
3-2: Foul Ball, location: 2F
3-2: Foul Ball, location: 2F
3-2: Foul Ball, location: 2F
3-2: Base on Balls
Batting: RHB Ryan Campbell 0-0: Called Strike
0-1: Ball
1-1: Called Strike
1-2: Ball
2-2: Ball
3-2: Base on Balls
Cal Cox to second
Pitching: RHP George Pierce
Batting: SHB Albert Flores 0-0: Called Strike
0-1: Ball
1-1: Foul Ball, location: 2F
1-2: Foul Ball, location: 2F
1-2: SINGLE (Groundball, 34D)
Cal Cox to third
Ryan Campbell to second
Runner from 3rd tries for Home, SAFE, throw made home
Ryan Campbell to third
Albert Flores to second
Batting: RHB Harvey Mawhinney 0-0: Foul Ball, location: 2F
0-1: Ball
1-1: SINGLE (Groundball, 4MD)
Ryan Campbell scores
Albert Flores to third
Runner from 3rd tries for Home, SAFE, no throw
Batting: LHB José Guillén 0-0: Called Strike
0-1: Ball
1-1: Ball
2-1: Foul Ball, location: 2F
2-2: Foul Ball, location: 2F
2-2: SINGLE (Groundball, 4D)
Harvey Mawhinney to second
Batting: RHB Júlio Rodríguez 0-0: Fly out, F7 (Flyball, 7LS)
Batting: RHB Tim Torres 0-0: Called Strike
0-1: Fly out, F9 (Flyball, 89M)
Runner from 2nd tags up, SAFE at 3rd with throw
Batting: SHB Troy Abreu 0-0: SINGLE (Line Drive, 89M)
Harvey Mawhinney scores
José Guillén to second
Batting: LHB John Lynch 0-0: Called Strike
0-1: Ball
1-1: Ball
2-1: Ball
3-1: Base on Balls
José Guillén to third
Troy Abreu to second
Batting: RHB Cal Cox 0-0: Called Strike
0-1: Called Strike
0-2: Ball
1-2: Foul Ball, location: 2F
1-2: Ball
2-2: Foul Ball, location: 2F
2-2: SINGLE (Flyball, 8RS)
José Guillén scores
Troy Abreu to third
John Lynch to second
Runner from 3rd tries for Home, SAFE, no throw
Pitching: RHP John Arnold
Batting: RHB Ryan Campbell 0-0: Swinging Strike
0-1: Swinging Strike
0-2: Fly out, F9 (Flyball, 9LMF)
Top of the 2nd over - 6 run(s), 5 hit(s), 0 error(s), 2 left on base; Long Beach 9 - Yellowknife 0
BOTTOM OF THE 2ND
Yellowknife Claws batting - Pitching for Long Beach KO : RHP Luis Reyes
Batting: RHB Carlos Uribe 0-0: Ball
1-0: Ball
2-0: Foul Ball, location: 2F
2-1: Ball
3-1: Fly out, F7 (Flyball, 7)
Batting: RHB Noah Sturges 0-0: Ground out 5-3 (Groundball, 56S)
Batting: RHB Mario Díaz 0-0: Ground out U3 (Groundball, 34)
Bottom of the 2nd over - 0 run(s), 0 hit(s), 0 error(s), 0 left on base; Long Beach 9 - Yellowknife 0
TOP OF THE 3RD
Long Beach KO batting - Pitching for Yellowknife Claws : RHP John Arnold
Batting: SHB Albert Flores 0-0: Called Strike
0-1: Ball
1-1: Ball
2-1: Ground out 3-1 (Groundball, 34)
Batting: RHB Harvey Mawhinney 0-0: Ball
1-0: Ball
2-0: Called Strike
2-1: SINGLE (Line Drive, 6MD)
Batting: LHB José Guillén 0-0: Fly out, F7 (Flyball, 7)
Batting: RHB Júlio Rodríguez 0-0: Ball
1-0: Swinging Strike
1-1: Ball
2-1: SINGLE (Line Drive, 56)
Harvey Mawhinney to second
Batting: RHB Tim Torres 0-0: Called Strike
0-1: Reached on error, E5 (Groundball, 56D)
Harvey Mawhinney to third
Júlio Rodríguez to second
Batting: SHB Troy Abreu 0-0: Called Strike
0-1: Ball
1-1: Fly out, F4 (Popup, 34D)
Top of the 3rd over - 0 run(s), 2 hit(s), 1 error(s), 3 left on base; Long Beach 9 - Yellowknife 0
BOTTOM OF THE 3RD
Yellowknife Claws batting - Pitching for Long Beach KO : RHP Luis Reyes
Batting: RHB Bob Bishop 0-0: Fly out, F3 (Popup, 3)
Batting: RHB Jeff Benson 0-0: Ball
1-0: Foul Ball, location: 2F
1-1: Fly out, F4 (Popup, 34)
Batting: RHB Preston Church 0-0: Called Strike
0-1: Ball
1-1: Ball
2-1: Ball
3-1: Foul Ball, location: 2F
3-2: Strikes out swinging
Bottom of the 3rd over - 0 run(s), 0 hit(s), 0 error(s), 0 left on base; Long Beach 9 - Yellowknife 0
TOP OF THE 4TH
Long Beach KO batting - Pitching for Yellowknife Claws : RHP John Arnold
Batting: LHB John Lynch 0-0: Called Strike
0-1: Ground out 3-1 (Groundball, 34S)
Batting: RHB Cal Cox 0-0: Ball
1-0: Called Strike
1-1: Fly out, F9 (Flyball, 9)
Batting: RHB Ryan Campbell 0-0: Foul Ball, location: 2F
0-1: Fly out, F8 (Flyball, 89M)
Top of the 4th over - 0 run(s), 0 hit(s), 0 error(s), 0 left on base; Long Beach 9 - Yellowknife 0
BOTTOM OF THE 4TH
Yellowknife Claws batting - Pitching for Long Beach KO : RHP Luis Reyes
Batting: RHB Diego Cabañas 0-0: Ball
1-0: Foul Ball, location: 2F
1-1: SINGLE (Groundball, 6MD)
Batting: RHB Sergio Ortíz 0-0: Swinging Strike
0-1: Ball
1-1: Ball
2-1: Called Strike
2-2: Strikes out swinging
Batting: SHB Armondo Goro 0-0: Ball
1-0: Called Strike
1-1: Ball
2-1: Ball
3-1: Base on Balls
Diego Cabañas to second
Batting: RHB Carlos Uribe 0-0: Ball
1-0: Foul Ball, location: 2F
1-1: Fly out, F5 (Popup, 5L)
Batting: RHB Noah Sturges 0-0: Ball
1-0: Fly out, F8 (Flyball, 8LM)
Bottom of the 4th over - 0 run(s), 1 hit(s), 0 error(s), 2 left on base; Long Beach 9 - Yellowknife 0
TOP OF THE 5TH
Long Beach KO batting - Pitching for Yellowknife Claws : RHP John Arnold
Batting: SHB Albert Flores 0-0: Called Strike
0-1: Ball
1-1: Called Strike
1-2: Ball
2-2: Foul Ball, location: 2F
2-2: Ball
3-2: Strikes out looking
Batting: RHB Harvey Mawhinney 0-0: Called Strike
0-1: Foul Ball, location: 2F
0-2: Ball
1-2: Strikes out looking
Batting: LHB José Guillén 0-0: Fly out, F3 (Line Drive, 3L)
Top of the 5th over - 0 run(s), 0 hit(s), 0 error(s), 0 left on base; Long Beach 9 - Yellowknife 0
BOTTOM OF THE 5TH
Yellowknife Claws batting - Pitching for Long Beach KO : RHP Luis Reyes
Batting: RHB Mario Díaz 0-0: Ground out 4-3 (Groundball, 4S)
Batting: RHB Bob Bishop 0-0: Called Strike
0-1: Ball
1-1: Ball
2-1: Fly out, F4 (Line Drive, 4)
Batting: RHB Jeff Benson 0-0: Ground out 4-3 (Groundball, 34)
Bottom of the 5th over - 0 run(s), 0 hit(s), 0 error(s), 0 left on base; Long Beach 9 - Yellowknife 0
TOP OF THE 6TH
Long Beach KO batting - Pitching for Yellowknife Claws : RHP John Arnold
Batting: RHB Júlio Rodríguez 0-0: Foul Ball, location: 2F
0-1: Swinging Strike
0-2: Ball
1-2: Strikes out swinging
Batting: RHB Tim Torres 0-0: Hit by Pitch
Batting: SHB Troy Abreu 0-0: Ball
1-0: Called Strike
1-1: SINGLE (Groundball, 6D)
Tim Torres to second
Batting: LHB John Lynch 0-0: Called Strike
0-1: Ball
1-1: Foul Ball, location: 2F
1-2: Foul Ball, location: 2F
1-2: Ball
2-2: Foul Ball, location: 2F
2-2: Foul Ball, location: 2F
2-2: Fielders Choice at 2nd, 4-6 (Groundball, 4)
Tim Torres to third
Batting: RHB Cal Cox 0-0: Hit by Pitch
John Lynch to second
Batting: RHB Ryan Campbell 0-0: Ball
1-0: Ball
2-0: Foul Ball, location: 2F
2-1: Ball
3-1: Fly out, F7 (Flyball, 7)
Top of the 6th over - 0 run(s), 1 hit(s), 0 error(s), 3 left on base; Long Beach 9 - Yellowknife 0
BOTTOM OF THE 6TH
Yellowknife Claws batting - Pitching for Long Beach KO : RHP Luis Reyes
Batting: RHB Preston Church 0-0: Ball
1-0: Ball
2-0: SINGLE (Groundball, 34D)
Batting: RHB Diego Cabañas 0-0: Foul Ball, location: 2F
0-1: Fly out, F8 (Flyball, 8RM)
Batting: RHB Sergio Ortíz 0-0: Ball
1-0: Ball
2-0: Ball
3-0: Called Strike
3-1: DOUBLE (Flyball, 78D)
Preston Church to third
Batting: SHB Armondo Goro 0-0: SINGLE (Groundball, 34D)
Preston Church scores
Sergio Ortíz to third
Runner from 3rd tries for Home, SAFE, no throw
Batting: RHB Carlos Uribe 0-0: Foul Ball, location: 2F
0-1: Ball
1-1: 2-RUN HOME RUN (Flyball, 7D), Distance : 399 ft
Batting: RHB Noah Sturges 0-0: Called Strike
0-1: SOLO HOME RUN (Flyball, 7LD), Distance : 350 ft
Batting: RHB Mario Díaz 0-0: SINGLE (Line Drive, 7S)
Batting: RHB Bob Bishop 0-0: Called Strike
0-1: Ball
1-1: Grounds into double play, 6-4-3 (Groundball, 6)
Bottom of the 6th over - 5 run(s), 6 hit(s), 0 error(s), 0 left on base; Long Beach 9 - Yellowknife 5
TOP OF THE 7TH
Long Beach KO batting - Pitching for Yellowknife Claws : RHP John Arnold
Pitching: LHP Chiah-jen Chen
Batting: SHB Albert Flores 0-0: Called Strike
0-1: Ball
1-1: Called Strike
1-2: Foul Ball, location: 2F
1-2: Strikes out swinging
Batting: RHB Harvey Mawhinney 0-0: Foul Ball, location: 2F
0-1: Ball
1-1: Ball
2-1: Foul Ball, location: 2F
2-2: Ball
3-2: Ground out 5-3 (Groundball, 56S)
Batting: LHB José Guillén 0-0: Called Strike
0-1: Foul Ball, location: 2F
0-2: Ball
1-2: Strikes out swinging
Top of the 7th over - 0 run(s), 0 hit(s), 0 error(s), 0 left on base; Long Beach 9 - Yellowknife 5
BOTTOM OF THE 7TH
Yellowknife Claws batting - Pitching for Long Beach KO : RHP Luis Reyes
Batting: RHB Jeff Benson 0-0: Ball
1-0: Foul Ball, location: 2F
1-1: Fly out, F9 (Flyball, 9LS)
Batting: RHB Preston Church 0-0: Called Strike
0-1: Ground out 6-3 (Groundball, 6)
Batting: RHB Diego Cabañas 0-0: Fly out, F9 (Flyball, 9)
Bottom of the 7th over - 0 run(s), 0 hit(s), 0 error(s), 0 left on base; Long Beach 9 - Yellowknife 5
TOP OF THE 8TH
Long Beach KO batting - Pitching for Yellowknife Claws : LHP Chiah-jen Chen
Batting: RHB Júlio Rodríguez 0-0: Ball
1-0: Ball
2-0: Called Strike
2-1: Foul Ball, location: 2F
2-2: Fly out, F9 (Flyball, 9S)
Batting: RHB Tim Torres 0-0: Ball
1-0: Called Strike
1-1: SINGLE (Line Drive, 78M)
Batting: SHB Troy Abreu 0-0: Called Strike
0-1: Ball
1-1: Ball
2-1: Foul Ball, location: 2F
2-2: Ball
3-2: Base on Balls
Tim Torres to second
Batting: LHB John Lynch 0-0: Reached on error, E3 (Groundball, 3)
Tim Torres to third
Troy Abreu to second
Batting: RHB Cal Cox 0-0: Called Strike
0-1: Ball
1-1: SINGLE (Groundball, 6MD)
Tim Torres scores
Troy Abreu to third
John Lynch to second
Runner from 3rd tries for Home, SAFE, no throw
Batting: RHB Ryan Campbell 0-0: Called Strike
0-1: Grounds into double play, 3-6-3 (Groundball, 34)
Top of the 8th over - 2 run(s), 2 hit(s), 1 error(s), 1 left on base; Long Beach 11 - Yellowknife 5
BOTTOM OF THE 8TH
Yellowknife Claws batting - Pitching for Long Beach KO : RHP Luis Reyes
Pitching: RHP Luis Rosado
Now at SS: Miguel López
Batting: RHB Sergio Ortíz 0-0: Ball
1-0: Foul Ball, location: 2F
1-1: Called Strike
1-2: Ground out 6-3 (Groundball, 6M)
Batting: SHB Armondo Goro 0-0: Called Strike
0-1: Ball
1-1: Ball
2-1: Foul Ball, location: 2F
2-2: Ball
3-2: Strikes out swinging
Batting: RHB Carlos Uribe 0-0: Called Strike
0-1: Called Strike
0-2: Ground out 5-3 (Groundball, 56)
Bottom of the 8th over - 0 run(s), 0 hit(s), 0 error(s), 0 left on base; Long Beach 11 - Yellowknife 5
TOP OF THE 9TH
Long Beach KO batting - Pitching for Yellowknife Claws : LHP Chiah-jen Chen
Batting: SHB Albert Flores 0-0: Fly out, F9 (Flyball, 9S)
Batting: RHB Harvey Mawhinney 0-0: Called Strike
0-1: Fly out, F8 (Flyball, 8RM)
Batting: LHB José Guillén 0-0: Ball
1-0: Ground out 4-3 (Groundball, 4)
Top of the 9th over - 0 run(s), 0 hit(s), 0 error(s), 0 left on base; Long Beach 11 - Yellowknife 5
BOTTOM OF THE 9TH
Yellowknife Claws batting - Pitching for Long Beach KO : RHP Luis Rosado
Batting: RHB Noah Sturges 0-0: Swinging Strike
0-1: Ball
1-1: SINGLE (Line Drive, 6D)
Batting: RHB Mario Díaz 0-0: Ground out 4-3 (Groundball, 4S)
Noah Sturges to second
Batting: RHB Bob Bishop 0-0: Ball
1-0: Foul Ball, location: 2F
1-1: Fly out, F8 (Flyball, 8RD)
Runner from 2nd tags up, SAFE at 3rd, no throw
Batting: RHB Jeff Benson 0-0: Ball
1-0: Ball
2-0: Ball
3-0: Foul Ball, location: 2F
3-1: Foul Ball, location: 2F
3-2: Foul Ball, location: 2F
3-2: Strikes out swinging
Bottom of the 9th over - 0 run(s), 1 hit(s), 0 error(s), 1 left on base; Long Beach 11 - Yellowknife 5
Tuesday, August 8th, 2017 - OOTP Baseball 17.12 Build 75